AoeStats
← tom.bombadilo

Glade

510510027Analyzed
1v1 RM · 17h ago on Oct 1, 2026· 57m 8s· 2 players
Game mode
Random Map
Map size
Tiny (2 player)
Population
200
Speed
Normal
Resources
Standard
Victory
Conquest
Starting age
Dark Age
Ending age
Imperial Age
RankedLock teamsTeams togetherTeam positionsShared explorationLock speedFull tech treeHidden civsTurbo modeCheats
Victory
Defeat
🇹🇼 Berbers · Taiwan
1139
+18
🇺🇸 Ethiopians · United States
1183
-18
Taso
10:42 Feudal Age
13:21 Loom
17:20 Castle Age
22:13 Double-Bit Axe
23:40 Horse Collar
26:10 Bow Saw
31:47 Gold Mining
31:48 Stone Mining
32:02 Heavy Plow
37:08 Imperial Age
35:16 Wheelbarrow
34:24 Elite Skirmisher
36:03 Padded Archer Armor
35:54 Fletching
37:20 Bodkin Arrow
40:10 Padded Archer Armor
43:41 Hand Cart
43:11 Town Watch
44:14 Bracer
44:26 Husbandry
45:51 Crop Rotation
45:13 Gold Mining
45:58 Stone Shaft Mining
45:38 Town Patrol
46:02 Bloodlines
45:22 Cavalier
47:32 Scale Barding Armor
47:38 Forging
47:30 Padded Archer Armor
49:08 Chain Barding Armor
53:10 Plate Barding Armor
53:11 Iron Casting
55:11 Thumb Ring
55:18 Heavy Camel Rider
tom.bombadilo
7:38 Loom
9:33 Feudal Age
9:59 Man-at-Arms
11:23 Double-Bit Axe
12:26 Town Watch
16:52 Fletching
25:04 Castle Age
24:27 Padded Archer Armor
25:51 Bodkin Arrow
25:17 Crossbowman
26:43 Crossbowman
30:59 Thumb Ring
40:33 Imperial Age
38:39 Wheelbarrow
39:36 Masonry
41:21 Scale Barding Armor
41:41 Forging
42:34 Chain Barding Armor
45:33 Chemistry
44:35 Gold Mining
45:36 Husbandry
46:15 Careening
46:28 Arbalester
49:58 Bracer
51:44 Ballistics
51:14 Cavalier
51:45 Heavy Camel Rider
55:08 Hand Cart
56:43 Iron Casting
Connection lost

Rejoining the realm…

Still unreachable

The connection could not be restored.

Session expired

The server has moved on; the page needs a fresh start.